Cogmind - Beta 13 @@@ ROGUE MODE // 2024.05.10 @ 17:35:50 Player: Some Pennies Result: Self-destructed Performance ------------- Evolutions (3) 1500 Regions Visited (7) 1400 Robots Destroyed (146) 730 Value Destroyed (4492) 4492 Prototype IDs (20) 400 Alien Tech Used (0) 0 Bonus (254) 254 TOTAL SCORE: 8776 Bonus ------- High Alert Combat Kills 269 Follower Combat Kills 25 Friendly Fire -40 Cogmind --------- Core Integrity 288/700 Matter 270/300 Energy 70/100 System Corruption 5% Temperature Cool (0) Movement Rolling (100) Location -7/Waste Parts ------- > --- POWER (1) -------- (None) > --- PROPULSION (4) --- Armored Huge Wheel Armored Huge Wheel > --- UTILITY (6) ------ Advanced Heat Sink Hacking Suite Hacking Suite Hacking Suite System Restoration Module > --- WEAPON (2) ------- (None) > --- INVENTORY (5) ---- Armored Huge Wheel Heavy Armor Plating Peak State ------------ > --- POWER ------------ Heavy Deuterium Engine > --- PROPULSION ------- Armored Huge Wheel Armored Huge Wheel > --- UTILITY ---------- Advanced Heat Sink Huge Storage Unit Hardened Medium Armor Plating Medium Insulated Plating Hacking Suite Hacking Suite > --- WEAPON ----------- Plasma Cannon Gauss Cannon > --- INVENTORY -------- Armored Treads Armored Treads Armored Treads Armored Treads Armored Treads Armored Huge Wheel Armored Huge Wheel Armored Huge Wheel Core Analyzer Matter Filter Transmission Jammer Hardened Medium Armor Plating Hacking Suite System Restoration Module Arc Projector Flak Gun Gauss Cannon Gauss Cannon Mini Assault Cannon Advanced EMP Blaster Improved Datajack Power Maul [Rating: 57] Favorites ----------- Power Ion Engine Engine Ion Engine Power Core Light Nuclear Core Propulsion Light Treads Treads Light Treads Leg Improved Aluminum Leg Wheel Armored Huge Wheel Hover Unit Improved Airjet Utility Hacking Suite Device Advanced Heat Sink Storage Huge Storage Unit Hackware Hacking Suite Protection Hardened Medium Armor Plating Weapon Light Cannon Energy Gun EM Pulse Gun Energy Cannon Advanced Beam Cannon Ballistic Gun Flak Gun Ballistic Cannon Light Cannon Launcher Grenade Launcher Special Weapon Mining Laser Impact Weapon Power Maul Special Melee Weapon Datajack Build | -11 -10 -10 -10 -9 -8 -7 -7 ------- Run | Yrd Mat Min Exi Min Mat Fac Was Slots Evolved 6 | . . . . . 4 2 . Power . | . . . . . . . . Propulsion 2 | . . . . . 2 . . Utility 4 | . . . . . 2 2 . Weapon . | . . . . . . . . Parts Attached 177 | 6 12 4 1 15 83 53 3 Power 23 | 1 . . . 2 12 8 . Engine 18 | 1 . . . 1 9 7 . Core 5 | . . . . 1 3 1 . Reactor . | . . . . . . . . Propulsion 26 | 2 2 . 1 3 7 9 2 Treads 15 | 2 2 . 1 3 . 7 . Leg 1 | . . . . . 1 . . Wheel 9 | . . . . . 6 1 2 Hover 1 | . . . . . . 1 . Flight . | . . . . . . . . Utility 39 | 1 4 . . . 21 12 1 Device 17 | . 1 . . . 13 2 1 Storage 4 | 1 2 . . . 1 . . Processor . | . . . . . . . . Hackware 6 | . 1 . . . 1 4 . Protection 12 | . . . . . 6 6 . Artifact . | . . . . . . . . Weapon 89 | 2 6 4 . 10 43 24 . Energy Gun 30 | 2 4 . . 2 16 6 . Energy Cannon 9 | . . . . 2 4 3 . Ballistic Gun 8 | . . 2 . 1 1 4 . Ballistic Cannon 27 | . . 2 . 2 14 9 . Launcher 6 | . 1 . . 1 3 1 . Special Weapon 1 | . . . . 1 . . . Impact Weapon 3 | . . . . 1 1 1 . Slashing Weapon . | . . . . . . . . Piercing Weapon . | . . . . . . . . Special Melee Weapon 5 | . 1 . . . 4 . . Unidentified Prototypes 14 | . . . . . 7 7 . Corrupted Parts 6 | . . . 1 5 . . . System Corruption 13 | . . . 1 12 . . . Parts Lost 17 | . . . . . 6 10 1 Power 2 | . . . . . . 2 . Propulsion 1 | . . . . . . 1 . Utility 11 | . . . . . 4 6 1 Weapon 3 | . . . . . 2 1 . Highest Loss Streak 4 | . . . . . 2 4 1 To Critical Strikes . | . . . . . . . . Average Slot Usage (%) 93 | . 98 100 100 99 79 94 80 Engine 9 | . 14 14 14 10 7 5 5 Core 1 | . . . . 3 1 1 . Treads 19 | . 27 28 28 27 2 20 2 Wheel 4 | . . . . . 15 4 12 Device 3 | . 3 . . . 7 7 12 Storage 11 | . 14 14 14 14 9 7 5 Hackware 12 | . 10 14 14 14 7 18 23 Protection 5 | . . . . . 11 11 2 Energy Gun 5 | . 26 1 . 1 3 1 5 Energy Cannon 1 | . . . . . 3 3 . Ballistic Gun 1 | . . 1 . 3 1 3 . Ballistic Cannon 13 | . . 24 28 22 9 6 7 Naked Turns . | . . . . . . . . Heaviest Build 124 | 14 89 91 91 96 124 118 111 Greatest Support 80 | 40 40 40 40 40 56 80 56 Greatest Overweight (x) 31 | . 4 2 2 4 31 2 1 Average Overweight (x) 1 | . 1 2 2 2 1 1 . Largest Inventory Capacity 25 | 8 25 25 25 25 25 25 25 Average Capacity 24 | 7 21 25 25 25 25 25 22 Most Carried 25 | 6 21 25 25 25 25 25 24 Average Carried 22 | 3 14 24 24 24 24 24 21 Final Capacity 25 | 8 25 25 25 25 25 25 5 Final Carried 25 | 6 19 25 24 25 25 24 4 Class Distribution -------------------- 71% | Mutant 20% | Hacker-Mutant 7% | Scavenger-Mutant Dominant Class ---------------- Mutant | -10/Materials Mutant | -10/Mines Mutant | -10/Exiles Mutant | -9/Mines Mutant | -8/Materials Hacker-Mutant | -7/Factory Hacker-Mutant | -7/Waste Resources | -11 -10 -10 -10 -9 -8 -7 -7 ----------- Run | Yrd Mat Min Exi Min Mat Fac Was Matter Collected 4240 | 260 180 130 . 366 1671 1633 . Remotely . | . . . . . . . . Salvage Created 5447 | 97 659 133 . 338 2184 2036 . Parts 283 | 14 39 12 . 10 115 93 . Haulers Intercepted 11 | . 1 . . . 6 4 . Recyclers Shooed 10 | . 5 1 . . 1 3 . Parts Field Recycled . | . . . . . . . . Retrieved Matter . | . . . . . . . . Parts Self-Destructed . | . . . . . . . . Prevented . | . . . . . . . . Kills | -11 -10 -10 -10 -9 -8 -7 -7 ------- Run | Yrd Mat Min Exi Min Mat Fac Was Combat Hostiles Destroyed 91 | . 8 7 . 7 35 34 . Guns 26 | . 8 5 . 1 6 6 . Cannons 59 | . . 2 . 6 25 26 . AOE 5 | . . . . . 3 2 . Classes Destroyed 17 | 1 8 . . 2 4 2 . Worker 5 | . . . . . 3 2 . Builder 6 | . 2 . . . 3 1 . Tunneler 6 | 4 . . . 1 . 1 . Hauler 11 | . 1 . . . 6 4 . Recycler 13 | . 3 . . 2 2 6 . Mechanic 1 | . 1 . . . . . . Operator 4 | . 2 . . . 2 . . Watcher 11 | . 3 . . . 4 4 . Swarmer 9 | . 4 5 . . . . . Grunt 54 | . 4 2 . 4 22 22 . Duelist 4 | . . . . 1 1 2 . Protector 1 | . . . . . . 1 . Sentry 11 | . . . . . 9 2 . Hunter 4 | . . . . . 2 2 . Programmer 5 | . . . . . . 5 . Heavy 1 | . . . . . 1 . . Assembled 2 | . . . . 2 . . . Best Kill Streak 7 | 2 4 3 . 2 4 7 . Combat Bots Only 7 | . 3 3 . 2 3 7 . Max Kills in Single Turn 2 | 1 2 1 . 1 2 2 . Gunslinging . | . . . . . . . . Exploded 1 | . . . . . 1 1 . Melee . | . . . . . . . . Uniques/NPCs Destroyed . | . . . . . . . . Combat | -11 -10 -10 -10 -9 -8 -7 -7 -------- Run | Yrd Mat Min Exi Min Mat Fac Was Hostile Shots Fired 589 | . 28 57 . 16 153 332 3 Missed 162 | . 10 17 . 2 37 96 . Damage Taken 7287 | . 247 362 . 264 2257 4010 147 Core 829 | . 69 43 . 36 269 358 54 Absorbed by Shields . | . . . . . . . . Ignored by Resistances 3 | . . . . . . 3 . Regen/Repaired (Parts) 730 | . 178 . . . 552 . . Core Remaining (%) 63 | 100 . . . 40 51 . . Volleys Fired 399 | 8 41 24 . 33 162 131 . Largest 2 | 2 2 2 . 2 2 2 . Hottest 130 | 80 80 80 . 100 130 128 . Shots Fired 733 | 16 81 48 . 58 280 250 . Gun 314 | 16 75 30 . 14 111 68 . Cannon 396 | . . 18 . 35 164 179 . Launcher 14 | . 6 . . . 5 3 . Special 9 | . . . . 9 . . . Kinetic 412 | . . 36 . 49 154 173 . Thermal 150 | . . . . 9 76 65 . Explosive 6 | . 6 . . . . . . Electromagnetic 165 | 16 75 12 . . 50 12 . Robot Hit Streak 16 | 5 7 3 . 5 14 16 . Robot Miss Streak 8 | 3 3 5 . 8 6 8 . Penetration Max 1 | . . . . . . 1 . Secondary Targets 1 | . . . . . 1 . . Max Gunslinging Chain 1 | . . . . . 1 . . Shots Hit Robots 450 | 9 47 21 . 25 172 176 . Core Hits 261 | 4 32 9 . 13 79 124 . Critical Kills . | . . . . . . . . Critical Parts Destroyed . | . . . . . . . . Critical Strikes 28 | 1 3 . . 1 12 11 . Burn 5 | . . . . . 5 . . Blast 19 | . . . . 1 7 11 . Corrupt 4 | 1 3 . . . . . . Melee Attacks 8 | . 2 . . . 6 . . Impact 1 | . . . . . 1 . . Slashing . | . . . . . . . . Piercing . | . . . . . . . . Sneak Attacks 5 | . . . . . 5 . . Combat Hostiles . | . . . . . . . . Follow-up Attacks . | . . . . . . . . Damage Inflicted 11096 | 118 1074 270 . 394 4608 4632 . Guns 3192 | 118 691 116 . 39 1127 1101 . Cannons 6483 | . . 154 . 355 2808 3166 . Explosions 1421 | . 383 . . . 673 365 . Melee . | . . . . . . . . Ramming . | . . . . . . . . Kinetic 6226 | . . 211 . 394 2441 3180 . Thermal 2189 | . 81 . . . 1085 1023 . Explosive 585 | . 280 . . . 305 . . Electromagnetic 2096 | 118 713 59 . . 777 429 . Impact . | . . . . . . . . Slashing . | . . . . . . . . Piercing . | . . . . . . . . Highest Corruption 13 | . . . 1 13 . . 6 Average Corruption 4 | . . . 1 4 . . 5 Corruption Purged 1 | . . . . . . . 1 Corruption Blocked . | . . . . . . . . Effects 42 | . . . . 42 . . . Message Errors 11 | . . . . 11 . . . Matter Fused 7 | . . . . 7 . . . Heat Flow Errors 9 | . . . . 9 . . . Energy Discharges 2 | . . . . 2 . . . Data Loss (minor) 6 | . . . . 6 . . . Data Loss (major) 4 | . . . . 4 . . . Misfires 1 | . . . . 1 . . . Alerts 2 | . . . . 2 . . . Overload Shots . | . . . . . . . . Overflow Damage 160 | . 11 . . . 93 56 . Projectiles 82 | . . . . . 26 56 . Explosions 78 | . 11 . . . 67 . . Melee . | . . . . . . . . Knockbacks 39 | . . 1 . 4 11 23 . Impact . | . . . . . . . . Kinetic 36 | . . 1 . 4 11 20 . Secondary 3 | . . . . . . 3 . Self-Inflicted Damage 116 | . 57 . . . 59 . . Shots 4 | . 2 . . . 2 . . Rammed . | . . . . . . . . Targets Rammed . | . . . . . . . . Kicked . | . . . . . . . . Crushed . | . . . . . . . . Highest Temperature 486 | 36 192 99 . 276 486 384 . Average Temperature 85 | 18 47 32 . 67 124 65 . Received Heat Transfer 2841 | . 66 84 . 42 927 1722 . Effects 13 | . . . . . 13 . . Shutdowns 1 | . . . . . 1 . . Energy Bleed 4 | . . . . . 4 . . Interference 5 | . . . . . 5 . . Short Circuit 1 | . . . . . 1 . . Damage (minor) 2 | . . . . . 2 . . Siege Activations . | . . . . . . . . Robots Corrupted 1 | . . . . . 1 . . Combat Hostiles 1 | . . . . . 1 . . Parts Fried 8 | 1 2 . . . 4 1 . Impact Corruptions . | . . . . . . . . Robots Melted . | . . . . . . . . Combat Hostiles . | . . . . . . . . Parts Melted 5 | . . . . . 4 1 . Heat Transferred 4295 | . 100 . . . 2359 1836 . Parts Sabotaged . | . . . . . . . . Parts Stolen . | . . . . . . . . Parts Stripped . | . . . . . . . . Power Chain Reactions 3 | . 1 . . . 2 . . Alert | -11 -10 -10 -10 -9 -8 -7 -7 ------- Run | Yrd Mat Min Exi Min Mat Fac Was Peak Influence 671 | 20 334 200 . 50 671 628 234 Initial 277 | . 13 . . . 1 277 219 Average 177 | 8 95 17 . 3 327 326 227 Maximum Alert Level 2 | . 1 1 . . 2 2 1 Low Security (%) 59 | 100 89 98 . 100 39 . . Level 1 25 | . 10 1 . . 14 84 100 Level 2 15 | . . . . . 46 15 . Level 3 . | . . . . . . . . Level 4 . | . . . . . . . . Level 5 . | . . . . . . . . High Security . | . . . . . . . . Max Security . | . . . . . . . . Squads Dispatched 20 | . 2 . . . 7 11 . Investigation 3 | . 1 . . . 1 1 . Extermination 4 | . . . . . . 4 . Reinforcement 11 | . 1 . . . 5 5 . Assault 2 | . . . . . 1 1 . Garrison . | . . . . . . . . Intercept . | . . . . . . . . Searches Triggered . | . . . . . . . . Construction Impeded 1 | . . . . . 1 . . Haulers Reinforced 3 | . . . . . . 3 . Active Scanning Responses . | . . . . . . . . Cargo Convoy Interrupts . | . . . . . . . . Stealth | -11 -10 -10 -10 -9 -8 -7 -7 --------- Run | Yrd Mat Min Exi Min Mat Fac Was Distress Signals 7 | . . . . . 5 2 . Communications Jammed . | . . . . . . . . Distress Signals . | . . . . . . . . Times Spotted 145 | . 18 10 . 8 60 47 2 Peak Tracking Total 7 | . 3 3 . 3 4 7 2 Tactical Retreats 5 | . 1 2 . . 2 . . Traps | -11 -10 -10 -10 -9 -8 -7 -7 ------- Run | Yrd Mat Min Exi Min Mat Fac Was Traps Triggered 6 | . 1 . . 1 1 3 . Indirectly . | . . . . . . . . Trap Hack Attempts 62 | . . . . . 62 . . Triggered . | . . . . . . . . Disarmed 2 | . . . . . 2 . . Reprogrammed 9 | . . . . . 9 . . Reused 1 | . . . . . 1 . . Traps Extracted . | . . . . . . . . Installed . | . . . . . . . . Triggered 2 | . 1 . . . 1 . . Machines | -11 -10 -10 -10 -9 -8 -7 -7 ---------- Run | Yrd Mat Min Exi Min Mat Fac Was Machines Disabled 13 | . 4 . . . 5 4 . Max in Single Turn 2 | . 2 . . . 2 1 . Garrison Access 2 | . . . . . 1 1 . Machines Repaired . | . . . . . . . . Machines Dismantled . | . . . . . . . . Machines Sabotaged . | . . . . . . . . Overloaded Fab Kills . | . . . . . . . . Hacking | -11 -10 -10 -10 -9 -8 -7 -7 --------- Run | Yrd Mat Min Exi Min Mat Fac Was Machines Accessed 34 | . 7 . . 2 16 9 . Terminals 17 | . 5 . . . 9 3 . Fabricators 2 | . . . . . . 2 . Repair Stations 3 | . 1 . . . 2 . . Recycling Units 6 | . 1 . . . 2 3 . Scanalyzers 2 | . . . . . 2 . . Garrison Access 2 | . . . . . 1 1 . Total Hacks 109 | . 31 . . 2 56 20 . Successful 62 | . 17 . . 2 31 12 . Failed 45 | . 13 . . . 24 8 . Catastrophic 4 | . . . . . 4 . . Database Lockouts 2 | . 1 . . . 1 . . Manual 35 | . 11 . . . 20 4 . Terminals 55 | . 20 . . . 27 8 . Fabricators 4 | . . . . . . 4 . Repair Stations 25 | . 9 . . . 16 . . Recycling Units 12 | . 2 . . . 4 6 . Scanalyzers 7 | . . . . . 7 . . Garrison Access 4 | . . . . . 2 2 . Terminal Hacks 23 | . 7 . . 2 9 5 . Record 1 | . . . . . . 1 . Robot Analysis 5 | . 1 . . . 2 2 . Prototype ID Bank 4 | . 3 . . . 1 . . Open Door 2 | . . . . 2 . . . Emergency Access Points 2 | . 2 . . . . . . Terminal Index 1 | . . . . . 1 . . Unreport Threat 2 | . . . . . 2 . . Locate Traps 2 | . 1 . . . . 1 . Recall Reinforcements 1 | . . . . . 1 . . Zone Layout 3 | . . . . . 2 1 . Fabricator Hacks 3 | . . . . . . 3 . Network Status 1 | . . . . . . 1 . Load Schematic 1 | . . . . . . 1 . Build 1 | . . . . . . 1 . Repair Station Hacks 20 | . 8 . . . 12 . . Scan Component 10 | . 4 . . . 6 . . Repair 10 | . 4 . . . 6 . . Recycling Unit Hacks 2 | . 1 . . . . 1 . Report Inventory 1 | . 1 . . . . . . Retrieve Components 1 | . . . . . . 1 . Scanalyzer 7 | . . . . . 7 . . Insert Component 3 | . . . . . 3 . . Analyze 4 | . . . . . 4 . . Garrison Access Hacks 1 | . . . . . 1 . . Seal Access 1 | . . . . . 1 . . Unauthorized Hacks 6 | . 1 . . . 2 3 . Terminals . | . . . . . . . . Fabricators . | . . . . . . . . Repair Stations . | . . . . . . . . Recycling Units 6 | . 1 . . . 2 3 . Mask 6 | . 1 . . . 2 3 . Scanalyzers . | . . . . . . . . Garrison Access . | . . . . . . . . Data Cores Recovered . | . . . . . . . . Used . | . . . . . . . . Hacking Detections 27 | . 5 . . . 13 9 . Full Trace Events 2 | . 1 . . . . 1 . Feedback Events . | . . . . . . . . Feedback Blocked . | . . . . . . . . Robot Schematics Acquired . | . . . . . . . . Robots Built . | . . . . . . . . Authchips . | . . . . . . . . Time . | . . . . . . . . Total Robot Build Rating . | . . . . . . . . Part Schematics Acquired 3 | . . . . . 3 . . Parts Built 2 | . . . . . . 2 . Authchips . | . . . . . . . . Time 42 | . . . . . . 42 . Total Part Build Rating 8 | . . . . . . 8 . Parts Repaired 10 | . 4 . . . 6 . . Time 408 | . 104 . . . 304 . . Parts Recycled . | . . . . . . . . Recycled Matter . | . . . . . . . . Retrieved Matter . | . . . . . . . . Retrieved Components 10 | . . . . . . 10 . Parts Scanalyzed 3 | . . . . . 3 . . Part Schematics Acquired 3 | . . . . . 3 . . Parts Damaged 1 | . . . . . 1 . . Bothacking | -11 -10 -10 -10 -9 -8 -7 -7 ------------ Run | Yrd Mat Min Exi Min Mat Fac Was Used RIF Installer . | . . . . . . . . Robots Hacked 1 | . . . . . 1 . . Non-combat 1 | . . . . . 1 . . Combat . | . . . . . . . . Robot Hacks Applied 2 | . . . . . 2 . . parse_system 1 | . . . . . 1 . . no_distress 1 | . . . . . 1 . . Relay Couplers Released 2 | . . . . . . 2 . Machine Destruction 2 | . . . . . . 2 . Fabnet Peak Effective % . | . . . . . . . . Robots Rewired 1 | . 1 . . . . . . Allies Hacked . | . . . . . . . . Hacks Repelled . | . . . . . . . . Allies | -11 -10 -10 -10 -9 -8 -7 -7 -------- Run | Yrd Mat Min Exi Min Mat Fac Was Total Allies 4 | . 1 3 . . . . . Largest Group 3 | . 1 3 3 3 . . . Highest-Rated Group 40 | . 10 40 40 40 . . . Highest-Rated Ally 16 | . 10 16 16 16 . . . Total Orders 2 | . 2 . . . . . . DROP 1 | . 1 . . . . . . PICKUP 1 | . 1 . . . . . . Ally Attacks 7 | . . . . 7 . . . Total Damage 93 | . . . . 93 . . . Kills 1 | . . . . 1 . . . Allies Corrupted . | . . . . . . . . Allies Melted . | . . . . . . . . Intel | -11 -10 -10 -10 -9 -8 -7 -7 ------- Run | Yrd Mat Min Exi Min Mat Fac Was Robot Analysis Total 5 | . 1 . . . 2 2 . Derelict Logs Recovered 2 | . . 1 . 1 . . . Drone Launches . | . . . . . . . . Drone Recoveries . | . . . . . . . . Exploration | -11 -10 -10 -10 -9 -8 -7 -7 ------------- Run | Yrd Mat Min Exi Min Mat Fac Was Turns Passed 15434 | 138 2295 2315 1036 2663 3686 3243 58 Spaces Moved 6020 | 67 780 697 324 778 2006 1325 43 Core 11 | 9 . . . . 2 . . Treads 3492 | 58 780 697 324 778 119 736 . Legs . | . . . . . . . . Wheels 2517 | . . . . . 1885 589 43 Hover . | . . . . . . . . Flight . | . . . . . . . . Fastest Speed 50 | 50 160 320 320 320 115 115 100 Average Speed 219 | 145 262 320 320 321 131 196 112 Slowest Speed 1600 | 160 480 320 320 480 1600 250 115 Overloaded Moves . | . . . . . . . . Propulsion Burnouts . | . . . . . . . . Robots Hopped . | . . . . . . . . Cave-ins Triggered . | . . . . . . . . Exploration Rate (%) 68 | 4 95 99 83 99 99 31 37 Regions Visited 7 Branch Regions 3 Pre-discovered Areas 1 | . . . . 1 . . . Known Exits Taken . | . . . . . . . . Unknown Exits Taken 6 | 1 1 1 1 1 1 . . Scrap Searched 3 | . . 1 . 2 . . . Spaces Dug 6 | . 5 . . . 1 . . Terrain Destroyed 198 | . 25 . . 2 145 26 . Melee 1 | . . . . . 1 . . Projectile 101 | . . . . 2 73 26 . AOE 96 | . 25 . . . 71 . . Terrain Rammed . | . . . . . . . . Walls Destroyed . | . . . . . . . . Machines Disabled . | . . . . . . . . Actions | -11 -10 -10 -10 -9 -8 -7 -7 --------- Run | Yrd Mat Min Exi Min Mat Fac Was Total 7503 | 92 942 737 325 871 2766 1716 54 Wait 568 | . 82 7 . 19 323 137 . Move 6014 | 66 779 696 323 777 2005 1325 43 Hop . | . . . . . . . . Pick Up 150 | 12 22 6 . 14 59 35 2 Fast Attach 25 | . . . . 1 15 9 . Attach 50 | 6 5 . . 2 16 19 2 Detach 5 | . . . . . 1 . 4 Swap 102 | . 7 4 1 12 52 25 1 Drop 120 | . 4 . 1 13 65 35 2 Fire 399 | 8 41 24 . 33 162 131 . Melee 8 | . 2 . . . 6 . . Ram . | . . . . . . . . Kick . | . . . . . . . . Crush . | . . . . . . . . Escape Stasis . | . . . . . . . . Rewire . | . . . . . . . . Trap 62 | . . . . . 62 . . Miscellaneous . | . . . . . . . . Route ------- -11/Scrapyard -10/Materials (discovered 5 exits: [*Mat x3] / [*Min x2]) -10/Mines (discovered 4 exits: [*Mat x2] / [*Exi] / [*Sub]) -10/Exiles -9/Mines (discovered 2 exits: *Mat x2) -8/Materials (discovered 3 exits: *Fac x3) -7/Factory (discovered 4 exits: [*Fac x2] / [*Sto] / [*Low]) -7/Waste History --------- Turn | Location | Event 8 | -11/Scrapyard | Discovered new exit (range 15) 139 | -11/Scrapyard | Entered Materials 204 | -10/Materials | Discovered new exit (range 8) 206 | -10/Materials | Discovered new exit (range 16) 302 | -10/Materials | Build established: Mutant 687 | -10/Materials | Central database locked down 1008 | -10/Materials | Discovered new exit (range 3) 1468 | -10/Materials | Discovered new exit (range 15) 2001 | -10/Materials | Discovered new exit (range 8) 2200 | -10/Materials | Repaired EM Pulse Gun 2227 | -10/Materials | Repaired Lgt. Treads 2255 | -10/Materials | Repaired EM Pulse Gun 2282 | -10/Materials | Repaired Lgt. Treads 2434 | -10/Materials | Entered Mines 2434 | -10/Mines | Accompanied by 1 ally 2931 | -10/Mines | Discovered new exit (range 6) 3663 | -10/Mines | Learned Materials trap positions 3961 | -10/Mines | Discovered new exit (range 5) 4338 | -10/Mines | Discovered new exit (range 7) 4358 | -10/Mines | Assisted by bots powering up and referring to "LRC-V3" 4733 | -10/Mines | Deemed a non-threat by the Exiles lab entrance 4736 | -10/Mines | Discovered new exit (range 5) 4749 | -10/Mines | Entered Exiles 4749 | -10/Exiles | Accompanied by 3 allies 4836 | -10/Exiles | Met 8R-AWN 4881 | -10/Exiles | Met EX-HEX 4989 | -10/Exiles | Met EX-BIN 5105 | -10/Exiles | Met EX-DEC 5291 | -10/Exiles | Visited The Gauntlet 5741 | -10/Exiles | Discovered new exit (range 14) 5785 | -10/Exiles | Entered Mines 5785 | -9/Mines | Accompanied by 3 allies 5831 | -9/Mines | Received a Rocket Launcher from a helpful Derelict 6327 | -9/Mines | Discovered new exit (range 11) 6791 | -9/Mines | Discovered new exit (range 12) 6821 | -9/Mines | Found the Drone Emporium 6840 | -9/Mines | Found Prototype Device 7006 | -9/Mines | Lost 3 allies 7227 | -9/Mines | Excavation squad dispatched 7227 | -9/Mines | A large section of the Mines collapsed 7655 | -9/Mines | Met a Derelict who couldn't figure out how to use a Trap Extractor 7695 | -9/Mines | System corruption reached 10% 8017 | -9/Mines | Build established: Scavenger-Mutant 8200 | -9/Mines | Core integrity fell below 50% 8448 | -9/Mines | Entered Materials 8448 | -8/Materials | Evolved 4 slots: Propulsion x2, Utility x2 8449 | -8/Materials | Loaded intel: 16 trap records 9043 | -8/Materials | Central database locked down 9148 | -8/Materials | Build established: Mutant 9274 | -8/Materials | Identified Thief Drone Bay 9287 | -8/Materials | Discovered new exit (range 12) 10739 | -8/Materials | Repaired Arm. Huge Wheel 10785 | -8/Materials | Repaired Arm. Huge Wheel 10847 | -8/Materials | Repaired Broken Arm. Huge Wheel 10848 | -8/Materials | First assault squad dispatched 11452 | -8/Materials | Discovered new exit (range 16) 11577 | -8/Materials | Repaired Broken Arm. Huge Wheel 11622 | -8/Materials | Repaired Arm. Huge Wheel? 11679 | -8/Materials | Repaired Adv. Heat Sink 11738 | -8/Materials | Discovered new exit (range 16) 12134 | -8/Materials | Entered Factory 12134 | -7/Factory | Evolved 2 slots: Utility x2 12423 | -7/Factory | Build established: Hacker-Mutant 12574 | -7/Factory | Lost 4 parts (1p3u) 12583 | -7/Factory | Destroyed 7 combat bots 12684 | -7/Factory | Fabricated Arm. Huge Wheel (x2) 12953 | -7/Factory | Discovered new exit (range 6) 13169 | -7/Factory | Lost 3 parts (1p1n1w) 13576 | -7/Factory | Discovered new exit (range 12) 13685 | -7/Factory | Discovered new exit (range 16) 15036 | -7/Factory | Core integrity fell below 50% 15098 | -7/Factory | Discovered new exit (range 16) 15377 | -7/Factory | Sucked down chute 15377 | -7/Factory | Entered Waste 15392 | -7/Waste | EMP discharged 15394 | -7/Waste | Spotted C-40 Crusher 15415 | -7/Waste | Spotted C-40 Crusher 15428 | -7/Waste | Crushed by Compactor (1 part destroyed, 1 dropped) 15428 | -7/Waste | Crushed by Compactor (0 parts destroyed, 1 dropped) 15434 | -7/Waste | Crushed by Compactor (0 parts destroyed, 1 dropped) 15435 | -7/Waste | Self-destructed Last Messages --------------- 15402_ System Restoration Module purges 1% system corruption (5%). 15428_ Huge Storage Unit crushed. 15428_ Cld. Pulse Rifle crushed. 15428_ Arc Projector crushed. 15428_ Enh. Nuclear Core crushed. 15428_ Hrd. Medium Armor Plating crushed. 15428_ Hvy. Laser crushed. 15428_ Cld. Deuterium Engine crushed. 15431_ Arm. Treads crushed. 15431_ Arc Projector crushed. 15431_ Adv. Assault Cannon crushed. 15431_ Imp. Datajack crushed. 15431_ Cld. Deuterium Engine crushed. 15432_ Transmission Jammer crushed. 15433_ Plasma Cannon crushed. 15433_ Com. Matter Pod crushed. 15433_ Core Analyzer crushed. 15434_ Gauss Cannon crushed. 15434_ Arm. Huge Wheel crushed. Map ----- +----------------------------------------------------+ | ?????????????????????????????????????????????????? | | ?????????????????????######??????????????????????? | | ?????????????????????# #??????????????????????? | | ?????????????????????# #??????????????????????? | | ?????????????????????# #??????????????????????? | | ?????????????????????# #??????????????????????? | | ???????????????????### #??????????????????????? | | ???????????????????# #??????????????????????? | | ???????????????????# #??????????????????????? | | ???????????????????? #??????????????????????? | | ????????????????????? #??????????????????????? | | ?????????????????????# #??????????????????????? | | ???????############??# #??????????????????????? | | ???????# #??# #??????????????????????? | | ???????# #??# #??????????????????????? | | ???????# #### ######## ???????????? | | ???????# ???????????? | | ???????# ???????????? | | ???????# ???????????? | | ???????# ???????????? | | ???????# #### ######## ????????????? | | ???????# #??# #????????? ????????????? | | ???????# #??# #???????????#??????????? | | ???????############??# #????????? #??????????? | | ???????????????????### /######## ###????????? | | ???????????????????# !@] CC ???????? | | ???????????????????# CC CC ???????? | | ???????????????????# CC= ???????? | | ???????????????????# =![ ???????? | | ???????????????????### ######## ###????????? | | ?????????????????????# #????????? #??????????? | | ?????????????????????# #???????????#??????????? | | ?????????????????????# #??????????????????????? | | ?????????????????????# =#??????????????????????? | | ????????????????????? ??????????????????????? | | ???????????????????? ??????????????????????? | | ???????????????????# ?????????????????????? | | ???????????????????# ?????????????????????? | | ???????????????????# #????????????????????? | | ???????????????????# #????????????????????? | | ???????????????????# #????????????????????? | | ???????????????????# #????????????????????? | | ???????????????????##########????????????????????? | | ?????????????????????????????????????????????????? | | ?????????????????????????????????????????????????? | | ?????????????????????????????????????????????????? | | ?????????????????????????????????????????????????? | | ?????????????????????????????????????????????????? | | ?????????????????????????????????????????????????? | | ?????????????????????????????????????????????????? | +----------------------------------------------------+ Best States ------------- Heat Dissipation 53 Energy Generation 18 Energy Capacity 800 Matter Stores 300 Matter Capacity 300 Sight Range 16 Terrain Scan Density 10 Armor Coverage 675 Resistance: EM 20 Evasion (%) 50 Recoil Reduction 4 Kinecelleration 30 Offensive Hacking 30 Defensive Hacking 10 Item Schematics ----------------- Arm. Huge Wheel | -8/Materials | Scanalyzed System Restoration Module | -8/Materials | Scanalyzed Imp. Trap Extractor | -8/Materials | Scanalyzed Robot Schematics ------------------ None Fabricated ------------ Arm. Huge Wheel | x2 | -7/Factory Alien Tech Used ----------------- None Achievements -------------- None Challenges ------------ None Game ------ Seed CooledShrapnelDerivative Manual? 0 Play Time 02:09:46 Cumulative 47.6 hours Start 2024.05.10 @ 02:05:46 End 2024.05.10 @ 17:35:50 Sessions 3 Manual Loads 0 Difficulty Rogue Special Mode None Game No. 56 Rogue 51 Adventurer 5 Explorer 0 Win Type - Total 0 Types 0/0/0/0/0/0/0/0/0 Lore% 28 Gallery% 31 Achievement% 25 Wizard Run 0 Options --------- Layout 2 ASCII 0 Keyboard 0 Movement Mouse Keybinds 0 Fullscreen 2 Font 24/Smallcaps Map View 50x44 Zoom Use 0% Tactical HUD 1 Map Filters NONE Filters NONE Steam 1 RUN: 153f1832-cf83-4831-9af8-f42a14e9681e